 Dungeon Crawl Stone Soup version 0.29-a0-872-g797fff5ad1 (webtiles) character file.

Game seed: 13284940674407750815

329 mcwallace the Trooper (level 6, 0/33 HPs)
             Began as a Vine Stalker Fighter on July 18, 2022.
             Killed from afar by an orc wizard (6 damage)
             ... with a magic dart
             ... on level 3 of the Dungeon.
             The game lasted 00:04:23 (2730 turns).

mcwallace the Trooper (Vine Stalker Fighter)        Turns: 2730, Time: 00:04:24

Health: 0/33       AC:  9    Str: 19    XL:     6   Next: 51%
Magic:  0/10       EV:  9    Int:  8    God:
Gold:   214        SH:  5    Dex: 15    Spells: 10/10 levels left

rFire   . . .      SeeInvis .   f - +1 dagger (flame) {short}
rCold   . . .      Faith    .   c - +0 buckler
rNeg    . . .      Spirit   +   b - +0 scale mail
rPois   .          Reflect  .   y - +0 helmet
rElec   .          Harm     .   e - +0 cloak
rCorr   .          Rampage  .   (no gloves)
Will    .....                   (no boots)
Stlth   ..........              (no amulet)
HPRegen 0.91/turn               (no ring)
MPRegen 0.12/turn               (no ring)

@: no status effects
A: fangs 2, regeneration 1, magic shield, antimagic bite, no potion heal 2
a: no special abilities


You were on level 3 of the Dungeon.
You visited 1 branch of the dungeon, and saw 3 of its levels.

You collected 214 gold pieces.


Innate Abilities, Weirdness & Mutations

You have extremely sharp teeth.
Your natural rate of healing is unusually fast.
When hurt, damage is shared between your health and your magic reserves.
Your bite disrupts and absorbs the magic of your enemies.
Potions cannot restore your health.


   Skills:
 + Level 3.7 Fighting
 + Level 3.0 Short Blades
 + Level 3.3 Armour
 + Level 3.7 Shields
 + Level 2.5 Spellcasting


You had 10 spell levels left.
You didn't know any spells.
Your spell library contained the following spells:

 Spells                   Type           Power      Damage    Failure   Level
 Sublimation of Blood     Necr           1%         N/A       90%         2
 Wereblood                Tmut           1%         N/A       90%         2
 Ignite Poison            Fire/Tmut/Pois 1%         N/A       99%         3
 Mephitic Cloud           Conj/Pois/Air  1%         N/A       99%         3
 Freezing Cloud           Conj/Ice/Air   0%         6-21      100%        5
 Summon Hydra             Summ           0%         N/A       100%        7

Inventory:

Hand Weapons
 a - a +0 rapier {short}
 f - a +1 dagger of flaming (weapon) {short}
   (You took it off a kobold on level 1 of the Dungeon)
Missiles
 h - 62 stones (quivered) {throwing}
Armour
 b - a +0 scale mail (worn)
 c - a +0 buckler (worn)
 e - a +0 cloak (worn)
   (You found it on level 1 of the Dungeon)
 g - a +0 ring mail
   (You found it on level 1 of the Dungeon)
 l - a +0 ring mail
   (You found it on level 1 of the Dungeon)
 m - a +0 leather armour
   (You found it on level 1 of the Dungeon)
 r - a +0 leather armour
   (You found it on level 2 of the Dungeon)
 w - a +0 chain mail
   (You found it on level 2 of the Dungeon)
 y - a +0 helmet (worn)
   (You found it on level 3 of the Dungeon)
 z - a +0 scale mail
   (You found it on level 3 of the Dungeon)
 A - a +0 chain mail
   (You took it off an orc on level 3 of the Dungeon)
 B - a +0 robe
   (You took it off an orc wizard on level 3 of the Dungeon)
 C - a +0 leather armour
   (You took it off an orc on level 3 of the Dungeon)
 F - a +0 leather armour
   (You found it on level 3 of the Dungeon)
 H - a +0 leather armour
   (You took it off an orc on level 3 of the Dungeon)
 I - a +0 ring mail
   (You took it off an orc on level 3 of the Dungeon)
Magical Staves
 j - a staff of conjuration {!a@e2staff}
   (You found it on level 1 of the Dungeon)
Jewellery
 v - an amulet of faith {!P}
   (You found it on level 2 of the Dungeon)
Scrolls
 k - a scroll of blinking {unknown}
 n - a scroll of vulnerability {unknown}
 p - 3 scrolls of enchant weapon {unknown}
 t - a scroll of teleportation {unknown}
 u - a scroll of fear {unknown}
 x - a scroll of identify {unknown}
Potions
 d - 3 potions of might
 i - 2 potions of berserk rage {unknown}
 o - a potion of heal wounds {unknown}
 q - a potion of attraction {unknown}
 s - a potion of ambrosia {unknown}
 D - a potion of flight {unknown}
 E - 2 potions of curing {unknown}
 G - a potion of invisibility {unknown}

Dungeon Overview and Level Annotations

Branches:
Dungeon (3/15) Zot: 15287

Altars:
Elyvilon
Kikubaaqudgha
Nemelex Xobeh

Annotations:
D:2 1 runed translucent door, Crazy Yiuf

...#..........#####..))....# ....
.###.................###...# ....
.....................# #####.....
####......)..........# .....
...#.................# .....
.#.#................^# ....
.#†#####.............####### ....
.#.# #...#####...........######
...# #...# #@#########..#####
.#######...#####.oo.....###......
...#.............oo...≈..##..####
.###..........#..o........#..#
.###..........#..........⌠#..#
............###...........#.##
.....<......####..≈...≈..##.#
#............# #........###.#
#...÷........# #.######## ..#


You could see 2 orc priests, an orc wizard and 2 orcs.


Message History

The ball python constricts you. The orc barely misses you.
You barely miss the ball python. You bite the ball python.
You kill the ball python!
The orc barely misses you.
You hit the orc. You burn the orc.
You kill the orc!
The orc throws a stone.
The stone closely misses you.
You closely miss the frilled lizard.
The frilled lizard bites you but does no damage.
You hit the frilled lizard. You burn the frilled lizard.
You kill the frilled lizard!
You barely miss the orc. The orc barely misses you.
You barely miss the orc. You bite the orc. You drain its power.
You block the orc's attack.
You hit the orc but do no damage. Your bite misses the orc.
The orc hits you with a +0 flail. 😕 HP[-2] MP[-1]
You take 2 damage, and now have 31/33 hp.
You lost 1 mp, and now have 9/10 mp.
You hit the orc. You burn the orc.
You kill the orc! 😕 HP[+1] No target in view!
No target in view!
No target in view!
h - 62 stones {throwing} (gained 6);
H - a +0 leather armour You now have 214 gold pieces (gained 18).
I - a +0 ring mail
Items here: )) †††.
A frilled lizard comes into view. 😎 HP[+1] MP[+1]
Your hp is fully restored (33).
Your mp is fully restored (10).
A frilled lizard is nearby!
The frilled lizard barely misses you.
You hit the frilled lizard. You burn the frilled lizard.
You kill the frilled lizard!
No target in view!
No target in view!
No target in view!
An orc comes into view. It is wielding a +0 dagger.
An orc is nearby!
An orc is nearby!
An orc is nearby!
An orc is nearby!
No reachable target in view!
No reachable target in view!
No reachable target in view!
An orc is nearby!
An orc priest comes into view. It is wielding a +0 mace.
The orc priest shouts!
You hear a shout!
An orc wizard comes into view. It is wielding a +0 dagger.
An orc priest comes into view. It is wielding a +0 club.
The orc priest moves out of view.
An orc comes into view. It is wielding a +0 hand axe.
The orc wizard shouts!
The orc shouts!
You enter the shallow water.
Moving in this stuff is going to be slow.
The orc wizard points at you and mumbles some strange words.
The puff of flame hits you! 😕 HP[-5] MP[-2]
You take 5 damage, and now have 28/33 hp.
You lost 2 mp, and now have 8/10 mp.
Your unstable footing causes you to fumble your attack.
You are engulfed in a cloud of scalding steam.
The orc closely misses you. 😕 HP[+1]
You hit the orc wizard but do no damage.
You are engulfed in a cloud of scalding steam.
The orc wizard hits you but does no damage.
The orc hits you with a +0 hand axe. 😕 HP[-3] MP[-1]
You take 3 damage, and now have 26/33 hp.
You lost 1 mp, and now have 7/10 mp.
You hit the orc wizard but do no damage.
You are engulfed in a cloud of scalding steam.
* * * LOW HITPOINT WARNING * * *
The orc wizard hits you but does no damage.
The orc hits you with a +0 hand axe. 😨 HP[-10] MP[-3]
You take 10 damage, and now have 16/33 hp.
MASSIVE DAMAGE!! (PAUSE)
You lost 3 mp, and now have 4/10 mp.
The orc wizard attacks as you move away!
The orc wizard hits you but does no damage.
The orc priest calls down the wrath of Beogh upon you.
Beogh smites you!
* * * LOW HITPOINT WARNING * * *
The orc wizard barely misses you. 😱 HP[-11] MP[-3]
You take 11 damage, and now have 5/33 hp.
MASSIVE DAMAGE!! (PAUSE)
You lost 3 mp, and now have 1/10 mp.
The orc priest attacks as you move away!
The orc priest hits you but does no damage. 😱 HP[+1]
The orc priest hits you with a +0 mace.
* * * LOW HITPOINT WARNING * * *
The orc wizard casts a spell at you. The magic dart hits you!
You die...

Skill      XL: |  1  2  3  4  5  6 |
---------------+-------------------+-----
Short Blades   | 2 3 |  3.0
Spellcasting   | 1 2 |  2.5
Fighting       | 3 |  3.7
Shields        | 3 |  3.7
Armour         | 3 |  3.3

Action                   |  1- 3 |  4- 6 || total
-------------------------+-------+-------++-------
Melee: Rapier            |    22 |       ||    22
       Bite              |    20 |    47 ||    67
       Dagger            |    86 |   158 ||   244
Armor: Scale mail        |    41 |    76 ||   117
Dodge: Dodged            |    49 |    68 ||   117
Block: Buckler           |    20 |    42 ||    62

Levels and vault maps discovered:
D:1:      minmay_arrival_open_corners, layout_loops_cross,
          chequers_ecumenical_altar_lobes
D:2:      layout_loops_cross, uniq_crazy_yiuf_cottage
D:3:      cheibrodos_pilgrimage, layout_basic, nicolae_overflow_hidden_temple,
          st_stairs_1

Notes
Turn   | Place    | Note
-------+----------+-------------------------------------------
     0 | D:1      | mcwallace the Vine Stalker Fighter began the quest for the
                  | Orb.
     0 | D:1      | Reached XP level 1. HP: 11/11 MP: 2/2
     0 | D:1      | magus.rc [v1.9.6]
    93 | D:1      | HP: 2/11 [goblin/+0 club (3)]
   413 | D:1      | Found a faded altar of an unknown god.
   482 | D:1      | Reached XP level 2. HP: 16/16 MP: 3/3
   539 | D:1      | Reached skill level 2 in Short Blades
   936 | D:1      | Reached XP level 3. HP: 19/19 MP: 5/5
   991 | D:1      | Reached skill level 1 in Spellcasting
  1072 | D:2      | Reached skill level 3 in Fighting
  1290 | D:2      | Reached skill level 3 in Shields
  1526 | D:2      | Gained mutation: Your natural rate of healing is unusually
                  | fast. [Vine Stalker growth]
  1526 | D:2      | Reached XP level 4. HP: 19/24 MP: 4/7
  1625 | D:2      | You add the spells Ignite Poison, Mephitic Cloud and
                  | Freezing Cloud to your library.
  1750 | D:2      | Found a runed translucent door.
  1751 | D:2      | Noticed Crazy Yiuf
  2066 | D:3      | Noticed a black bear
  2147 | D:3      | Found an ancient bone altar of Kikubaaqudgha.
  2147 | D:3      | Found a white marble altar of Elyvilon.
  2179 | D:3      | Killed a black bear
  2180 | D:3      | Reached skill level 3 in Armour
  2180 | D:3      | Reached skill level 2 in Spellcasting
  2180 | D:3      | Reached XP level 5. HP: 11/28 MP: 2/9
  2283 | D:3      | Reached XP level 6. HP: 25/32 MP: 7/10
  2296 | D:3      | Reached skill level 3 in Short Blades
  2340 | D:3      | You pick up a book of Blood and begin reading...
  2340 | D:3      | You add the spells Sublimation of Blood, Wereblood and
                  | Summon Hydra to your library.
  2580 | D:3      | Found a sparkling altar of Nemelex Xobeh.
  2728 | D:3      | HP: 5/33 [orc priest/divine providence (13)]
  2730 | D:3      | Killed from afar by an orc wizard

Vanquished Creatures
  A black bear (D:3)
  2 orc priests (D:3)
  An orc wizard (D:3)
  7 adders
  4 worms
  2 dart slugs (D:1)
  5 orcs (D:3)
  4 endoplasms
  A giant cockroach (D:3)
  8 goblins
  6 hobgoblins
  5 kobolds
  11 ball pythons
  7 bats
  8 frilled lizards
  6 rats
78 creatures vanquished.

Table legend:
 A = Non-vault XP
 B = Vault XP
 C = Vault XP percentage of total XP
 D = Non-vault monster count
 E = Vault monster count
 F = Vault count percentage of total count
                 A         B        C        D         E       F
            +---------+---------+-------+---------+---------+-------
      Total |     438 |      33 |   7.0 |      74 |       4 |   5.1
            +---------+---------+-------+---------+---------+-------
        D:1 |      43 |       0 |   0.0 |      26 |       0 |   0.0
        D:2 |      81 |       0 |   0.0 |      23 |       0 |   0.0
        D:3 |     314 |      33 |   9.5 |      25 |       4 |  13.8
            +---------+---------+-------+---------+---------+-------

Illustrated notes

Table legend:
 A = Kills in this place as a percentage of kills in entire the game.
 B = Kills by you in this place as a percentage of kills by you in the entire game.
 C = Kills by friends in this place as a percentage of kills by friends in the entire game.
 D = Other kills in this place as a percentage of other kills in the entire game.
 E = Experience gained in this place as a percentage of experience gained in the entire game.
 F = Experience gained in this place divided by the number of levels of this place that you have seen.
                   A       B       C       D       E      F
               +-------+-------+-------+-------+-------+----------------------
         Total | 100.0 | 100.0 |   N/A |   N/A | 100.0 | 157.0
       Dungeon | 100.0 | 100.0 |   N/A |   N/A | 100.0 | 157.0
               +-------+-------+-------+-------+-------+----------------------

Table legend: (Time is in decaauts)
 A = Elapsed time spent in this place.
 B = Non-inter-level travel time spent in this place.
 C = Inter-level travel time spent in this place.
 D = Time resting spent in this place.
 E = Time spent auto-exploring this place.
 F = Levels seen in this place.
 G = Mean time per level.
                   A        B        C        D        E       F      G
               +--------+--------+--------+--------+--------+-----+--------+
         Total |   2711 |   2643 |     68 |      0 |   2109 |   3 |  903.7 |
       Dungeon |   2711 |   2643 |     68 |      0 |   2109 |   3 |  903.7 |
               +--------+--------+--------+--------+--------+-----+--------+

Top non-repeatable levels by time:
     D:1: 1061 daAuts
     D:2: 1013 daAuts
     D:3: 636 daAuts
